 Dungeon Crawl Stone Soup version 0.21-a0-227-g58a7c62 (webtiles) character file.

762 Chiseanne the Ducker (level 7, -12/33 HPs)
             Began as a Spriggan Warper on Aug 31, 2017.
             Was an Initiate of Gozag.
             Killed themself with a badly aimed fireball (14 damage)
             ... on level 9 of the Dungeon.
             The game lasted 00:22:27 (5980 turns).

Chiseanne the Ducker (Spriggan Warper)              Turns: 5980, Time: 00:22:27

Health: -12/33     AC:  3    Str:  7    XL:     7   Next: 51%
Magic:  15/15      EV: 22    Int: 16    God:    Gozag
Gold:   447        SH:  0    Dex: 16    Spells: 5/16 levels left

rFire    . . .     SeeInvis +   a - +2 short sword
rCold    . . .     Gourm    .   (shield restricted)
rNeg     . . .     Faith    .   b - +1 robe
rPois    .         Spirit   .   (helmet restricted)
rElec    .         Reflect  .   (no cloak)
rCorr    .         Harm     .   (gloves unavailable)
MR       +....                  (boots unavailable)
Stlth    +++.......             n - amulet of rage
HPRegen  0.11/turn              i - ring of wizardry
MPRegen  0.14/turn              (no ring)

@: very quick
A: unfitting armour, see invisible, herbivore 3, speed 3, slow metabolism 2
a: Potion Petition, Call Merchant, Bribe Branch, Renounce Religion, Evoke
Berserk Rage


You were on level 9 of the Dungeon.
You worshipped Gozag.
Gozag was aware of your devotion.
You were very full.

You visited 2 branches of the dungeon, and saw 10 of its levels.
You also visited: Ossuary.

You collected 493 gold pieces.
You paid 46 gold pieces to Gozag.

Inventory:

Hand Weapons
 a - a +2 short sword (weapon)
 c - a +0 fustibalus
 w - a +1 hunting sling
Missiles
 e - 5 tomahawks of dispersal (quivered)
 g - 38 bolts
 m - 104 stones
 o - 16 arrows
 r - 22 poisoned needles
 s - 5 tomahawks
Armour
 b - a +1 robe (worn)
Jewellery
 i - a ring of wizardry (left hand)
 n - an amulet of rage (around neck)
Wands
 q - a wand of paralysis (0/24)
 B - a wand of random effects (21/48)
Scrolls
 d - a scroll of blinking
 k - 3 scrolls of enchant armour
 l - 2 scrolls of amnesia
 t - 3 scrolls of remove curse
 y - 3 scrolls of teleportation
 A - a scroll of magic mapping
Potions
 h - a potion of degeneration {unknown}
 j - 3 potions of curing
 p - a potion of lignification {unknown}
 u - a potion of brilliance {unknown}
 v - a potion of ambrosia {unknown}
 z - 2 potions of flight
Books
 x - a book of Power

   Spells                             Type                      Level
   a - Iskenderun's Battlesphere      Conjuration/Charms           5
   b - Venom Bolt                     Conjuration/Poison           5
   c - Bolt of Magma                  Conjuration/Fire/Earth       5
   d - Iron Shot                      Conjuration/Earth            6
   e - Orb of Destruction             Conjuration                  7
   f - Spellforged Servitor           Conjuration/Summoning        7
Comestibles
 f - 2 bread rations


   Skills:
 - Level 1.5 Fighting
 * Level 4.7 Short Blades
 * Level 3.4(3.5) Slings
 - Level 1.0(2.0) Throwing
 * Level 6.3 Dodging
 * Level 5.6 Stealth
 * Level 5.3 Spellcasting
 - Level 4.8 Translocations


You had 5 spell levels left.
You knew the following spells:

 Your Spells              Type           Power        Failure   Level  Hunger
a - Blink                 Tloc           N/A          1%          2    #......
b - Teleport Other        Tloc           ###.....     2%          3    ###....
c - Shroud of Golubria    Chrm/Tloc      ##........   3%          2    #......
d - Passage of Golubria   Tloc           N/A          9%          4    ####...


Dungeon Overview and Level Annotations

Branches:
Dungeon (9/15)             Temple (1/1) D:4
   Lair: D:8-11         Orc: D:9-12

Altars:
Ashenzari
Elyvilon
Fedhas
Gozag
Hepliaklqana
Nemelex Xobeh
Qazlal
Ru
Sif Muna
Wu Jian
Xom
Zin
The Shining One


Innate Abilities, Weirdness & Mutations

You are very small and have problems with some larger weapons.
You are too small for most types of armour.
You have supernaturally acute eyesight. (SInv)
You are a herbivore.
You cover ground extremely quickly.
You need consume almost no food.


Message History

The centaur warrior skeleton is severely damaged.
The centaur warrior skeleton hits you.
You hit the centaur warrior skeleton.
The centaur warrior skeleton is severely damaged.
The centaur warrior skeleton hits you.
* * * LOW HITPOINT WARNING * * *
You hit the centaur warrior skeleton.
The centaur warrior skeleton is severely damaged.
The centaur warrior skeleton hits you!
* * * LOW HITPOINT WARNING * * *
Evoke which item? (* to show all) (? for menu, Esc to quit)
Aiming: Random Effects (will waste charges)
Press: ? - help, Shift-Dir - straight line, f - centaur warrior skeleton
Aim: a centaur warrior skeleton (severely damaged)
The fireball explodes!
The fireball engulfs the centaur warrior skeleton.
The centaur warrior skeleton is almost destroyed.
The fireball engulfs you!
You die...
Your body crumbles into a pile of gold.

................#
.........#.###..#
.##+##...+.# ..#
#...#####....
#...#.....#.##
##.....###.#..
#...)....#.#
#.##.....#Z#
#.##.....@.#
#.####<##### #.#
#.# #.. ..# ###
#### $


You could see a centaur warrior skeleton.

Vanquished Creatures
  Grinder (D:5)
  A bullfrog (D:6)
  A scorpion (D:5)
  2 howler monkeys (D:5)
  A jelly (D:9)
  An orc priest (D:7)
  A centaur skeleton (D:7)
  A hound (D:7)
  A human zombie (Ossuary)
  An iguana (D:7)
  3 worker ants
  A hound skeleton (D:8)
  Robin (D:2)
  A worker ant zombie (D:5)
  An adder (D:3)
  A shadow imp (D:6)
  2 worms
  A dart slug (D:1)
  3 leopard geckos
  14 orcs
  2 giant cockroaches
  15 goblins
  5 hobgoblins
  3 kobolds
  A quokka (D:6)
  A ball python (D:5)
  6 bats
  A frilled lizard (D:3)
  7 rats
80 creatures vanquished.

Notes
Turn   | Place    | Note
-------+----------+-------------------------------------------
     0 | D:1      | Chiseanne the Spriggan Warper began the quest for the Orb.
     0 | D:1      | Reached XP level 1. HP: 10/10 MP: 5/5
   397 | D:1      | Reached skill level 1 in Stealth
   397 | D:1      | Reached XP level 2. HP: 14/14 MP: 6/6
   494 | D:1      | wingboner: Feeling extra masochistic, eh?
   495 | D:1      | Chiseanne: haha yeah
   513 | D:2      | Chiseanne: one dday Im gonna take the first place away from yermak!
   513 | D:2      | Chiseanne: !
   513 | D:2      | Chiseanne: :D
   961 | D:2      | Reached skill level 4 in Dodging
  1214 | D:2      | Noticed Robin
  1220 | D:2      | Reached XP level 3. HP: 18/18 MP: 8/8
  1243 | D:2      | wingboner: That requires eldritch powers.
  1304 | D:2      | wingboner: Don't give in to the temptation! Shoo, shoo forbidden thoughts!
  1304 | D:2      | Chiseanne: then I will get that! -roar-
  1304 | D:2      | Chiseanne: :D
  1304 | D:2      | Chiseanne: lol
  1428 | D:2      | Killed Robin
  1907 | D:4      | Found a staircase to the Ecumenical Temple.
  1910 | D:4      | wingboner: I've been experimenting with cooking, and it went too well: got fat. 21.07 decided that I should do something about it, now -6 kg, should be back to norm soon.
  1915 | Temple   | Entered the Ecumenical Temple
  1916 | Temple   | Chiseanne: good job!
  1916 | Temple   | Chiseanne: lost almost 20 kg over the past year..hard work
  2134 | Temple   | Became a worshipper of Gozag Ym Sagoz the Greedy
  2250 | D:3      | Reached XP level 4. HP: 13/22 MP: 10/10
  2578 | D:3      | wingboner: Been easy for me so far, just cut down on carbs and it worked with next to no effort. Congratulations on your achievement!
  2589 | D:3      | Chiseanne: ty..yeah I changed a lot too..mostly I just stopped eating sweets and everything made out of white flour
  2589 | D:3      | Chiseanne: that already helps a lot
  2589 | D:3      | wingboner: Well those are carbs ^^
  2589 | D:3      | Chiseanne: I mostly eat fesh produce now..freuit (thank god its summer, yay) and I cook fresh vegetables..no ready made meals and I avoid anything premade
  2589 | D:3      | Chiseanne: yes
  2589 | D:3      | wingboner: I eat whatever I want, just not carbs and not too much.
  2589 | D:3      | Chiseanne: even tho there are hig carb diets..you can see it on youtube for example..but thats just not mine..I think you should just eat what you could dig out of the earth or plug off a tree..meat/fish and other animal products just on 2 or 3 ddays a week and youre fine
  2589 | D:3      | Chiseanne: yeah I think for us couchpotatoes carbs is not good
  2589 | D:3      | Chiseanne: *eating
  2617 | D:3      | wingboner: Well, to each his own. I like meat/fish, so eating that often.
  2624 | D:3      | Chiseanne: sure..its just fish, expecially from the ocean and predatory fish is highly poluted now..so you are well advised to eat sweetwater fish preferably
  2624 | D:3      | Chiseanne: and organic meat if you can get it
  2963 | D:5      | Entered Level 5 of the Dungeon
  2974 | D:5      | Learned a level 2 spell: Blink
  2978 | D:5      | Learned a level 3 spell: Teleport Other
  2981 | D:5      | Learned a level 2 spell: Shroud of Golubria
  3071 | D:5      | Noticed Grinder
  3263 | D:6      | Found a sacrificial altar of Ru.
  3443 | D:6      | Noticed a bullfrog
  3446 | D:6      | Found a sand-covered staircase.
  3457 | D:6      | Killed a bullfrog
  3457 | D:6      | Reached skill level 1 in Slings
  3457 | D:6      | Reached skill level 5 in Dodging
  3457 | D:6      | Reached XP level 5. HP: 3/25 MP: 10/12
  3517 | Ossuary  | Entered an ossuary
  3736 | Ossuary  | Learned a level 4 spell: Passage of Golubria
  4076 | D:5      | Reached XP level 6. HP: 8/30 MP: 13/13
  4519 | D:5      | Killed Grinder
  4519 | D:5      | Reached XP level 7. HP: 33/33 MP: 13/15
  4782 | D:7      | Found a glowing golden altar of the Shining One.
  4785 | D:7      | Noticed a hippogriff
  4829 | D:7      | Reached skill level 6 in Dodging
  4829 | D:7      | Reached skill level 5 in Stealth
  5131 | D:7      | Reached skill level 5 in Spellcasting
  5744 | D:8      | Noticed a troll
  5980 | D:9      | Killed themself with a badly aimed fireball

Vault maps used:
D:1:      onia_arrival_pyramid, minmay_tromino_i2
D:2:      minmay_bisected, uniq_robin, uniq_crazy_yiuf_cottage
D:3:      gup_sewer_entry_bowl
D:4:      temple_statues
D:5:      first_bread, minmay_misc_feat_alley, dk_vineyard_3, uniq_grinder
D:6:      lemuel_crystal_altar, enter_ossuary_1
D:7:      basic_altar, the_bakery, minmay_guarded_unrand_finisher
D:8:      lair_entry_dummy
D:9:      serial_shops, shop
Temple:   regret_index_temple_sigil_plot
Ossuary:  ossuary_minmay_four_chambers

Skill      XL: |  1  2  3  4  5  6  7 |
---------------+----------------------+-----
Stealth        | 1 2 3 4 5 |  5.6
Spellcasting   | 3 4 5 |  5.3
Dodging        | 4 5 6 |  6.3
Short Blades   | 3 4 |  4.7
Slings         | 1 2 3 |  3.4
Fighting       | |  1.5
Throwing       | |  1.0
Translocations | |  4.8

Action                   |  1- 3 |  4- 6 |  7- 9 || total
-------------------------+-------+-------+-------++-------
Melee: Short sword       |   145 |    91 |   126 ||   362
 Fire: Hunting sling     |    41 |    55 |    36 ||   132
 Cast: Teleport Other    |       |     3 |     5 ||     8
Evoke: Wand              |       |     3 |     1 ||     4
  Use: Scroll            |     8 |     8 |     3 ||    19
       Potion            |       |       |     1 ||     1
 Stab: Sleeping          |     3 |     6 |     1 ||    10
       Paralysed         |       |     8 |     1 ||     9
  Eat: Fruit             |       |     4 |       ||     4
       Royal jelly       |       |       |     3 ||     3
Armor: Robe              |    14 |     4 |     6 ||    24
Dodge: Dodged            |   119 |    65 |   118 ||   302

Table legend:
 A = Spawn XP
 B = Non-spawn XP
 C = Spawn XP percentage of total XP
 D = Spawn monster count
 E = Non-spawn monster count
 F = Spawn count percentage of total count
 G = Total turns spent on level
                    A         B        C        D         E        F      G
               +---------+---------+-------+---------+---------+-------+---------
         Total |      51 |    1038 |   4.7 |      15 |      65 |  18.8 |  5980
               +---------+---------+-------+---------+---------+-------+---------
           D:1 |       0 |      16 |   0.0 |       0 |       9 |   0.0 |   521
           D:2 |       3 |      61 |   4.7 |       2 |      25 |   7.4 |  1030
           D:3 |      20 |      28 |  41.7 |       8 |       7 |  53.3 |  1004
           D:4 |       0 |      33 |   0.0 |       0 |       1 |   0.0 |   206
           D:5 |      16 |     462 |   3.3 |       1 |       7 |  12.5 |   894
           D:6 |      12 |      99 |  10.8 |       4 |       4 |  50.0 |   452
           D:7 |       0 |     163 |   0.0 |       0 |       6 |   0.0 |   729
           D:8 |       0 |      91 |   0.0 |       0 |       4 |   0.0 |   275
           D:9 |       0 |      45 |   0.0 |       0 |       1 |   0.0 |   218
       Ossuary |       0 |      40 |   0.0 |       0 |       1 |   0.0 |   411
               +---------+---------+-------+---------+---------+-------+---------
